PAAA
ALLOWAY HALBERDS @ ALASKAN HUMPBACKS
08/20/2018
 
TOP OF THE 1ST
Alloway Halberds batting - Pitching for Alaskan Humpbacks : RHP Matt Harris
Pitching: RHP Matt Harris
Batting: LHB Jack Robbins 0-0: SINGLE (Groundball, 34D)
Batting: RHB Bill Stewart 0-0: Called Strike
0-1: Ball
1-1: Called Strike
1-2: Strikes out swinging
Batting: RHB Jonathan Cundall 0-0: Ball
1-0: 2-RUN HOME RUN (Flyball, 89XD), Distance : 418 ft
Batting: LHB Matt Lee 0-0: Ball
1-0: SINGLE (Line Drive, 6MD)
Batting: RHB Mark Davis 0-0: Grounds into double play, 6-4-3 (Groundball, 6)
Top of the 1st over - 2 run(s), 3 hit(s), 0 error(s), 0 left on base; Alloway 2 - Alaskan 0
BOTTOM OF THE 1ST
Alaskan Humpbacks batting - Pitching for Alloway Halberds : RHP Cole Johnson
Pitching: RHP Cole Johnson
Batting: RHB Steve Camp 0-0: Ball
1-0: Called Strike
1-1: Ball
2-1: Foul Ball, location: 2F
2-2: Ball
3-2: Base on Balls
Batting: RHB Aurelio Annunziato 0-0: Ball
1-0: Ball
Steve Camp steals 2nd base
2-0: Ball
3-0: Called Strike
3-1: Base on Balls
Batting: RHB Javier Díaz 0-0: Swinging Strike
0-1: Foul Ball, location: 2F
0-2: Foul Ball, location: 2F
0-2: Ball
1-2: Foul Ball, location: 2F
1-2: Fly out, F7 (Flyball, 78XD)
Runner from 2nd tags up, SAFE at 3rd, no throw
Batting: RHB Michael Collins 0-0: Swinging Strike
0-1: Foul Ball, location: 2F
0-2: Ball
1-2: Grounds into double play, 6-4-3 (Groundball, 6M)
Bottom of the 1st over - 0 run(s), 0 hit(s), 0 error(s), 1 left on base; Alloway 2 - Alaskan 0
TOP OF THE 2ND
Alloway Halberds batting - Pitching for Alaskan Humpbacks : RHP Matt Harris
Batting: RHB Juan Martínez 0-0: Ball
1-0: Swinging Strike
1-1: Fly out, F8 (Popup, 8LS)
Batting: RHB Pedro Orozco 0-0: Called Strike
0-1: Ball
1-1: Called Strike
1-2: Foul Ball, location: 2F
1-2: Fly out, F7 (Flyball, 78S)
Batting: RHB Brian Williams 0-0: Foul Ball, location: 2F
0-1: Foul Ball, location: 2F
0-2: Foul Ball, location: 2F
0-2: Ball
1-2: Foul Ball, location: 2F
1-2: Strikes out swinging
Top of the 2nd over - 0 run(s), 0 hit(s), 0 error(s), 0 left on base; Alloway 2 - Alaskan 0
BOTTOM OF THE 2ND
Alaskan Humpbacks batting - Pitching for Alloway Halberds : RHP Cole Johnson
Batting: RHB Fernando Camacho 0-0: Called Strike
0-1: Swinging Strike
0-2: Ball
1-2: Strikes out swinging
Batting: RHB Austin Williams 0-0: Ball
1-0: Called Strike
1-1: Ball
2-1: Foul Ball, location: 2F
2-2: Foul Ball, location: 2F
2-2: Ground out 6-3 (Groundball, 6M)
Batting: LHB Raúl Valentín 0-0: Swinging Strike
0-1: Ball
1-1: Called Strike
1-2: Ball
2-2: Strikes out swinging
Bottom of the 2nd over - 0 run(s), 0 hit(s), 0 error(s), 0 left on base; Alloway 2 - Alaskan 0
TOP OF THE 3RD
Alloway Halberds batting - Pitching for Alaskan Humpbacks : RHP Matt Harris
Batting: RHB Anthony Johnston 0-0: Called Strike
0-1: Foul Ball, location: 2F
0-2: Ball
1-2: Strikes out swinging
Batting: LHB Jack Robbins 0-0: Ground out 1-3 (Groundball, 13S)
Batting: RHB Bill Stewart 0-0: Ball
1-0: SINGLE (Line Drive, 56D)
Batting: RHB Jonathan Cundall 0-0: Ball
1-0: Fly out, F8 (Line Drive, 8LS)
Top of the 3rd over - 0 run(s), 1 hit(s), 0 error(s), 1 left on base; Alloway 2 - Alaskan 0
BOTTOM OF THE 3RD
Alaskan Humpbacks batting - Pitching for Alloway Halberds : RHP Cole Johnson
Batting: SHB Josef Koper 0-0: Called Strike
0-1: Ball
1-1: Called Strike
1-2: Fly out, F7 (Flyball, 78D)
Batting: RHB Tim Norris 0-0: Ball
1-0: Ball
2-0: SOLO HOME RUN (Flyball, 7LD), Distance : 347 ft
Batting: RHB Steve Camp 0-0: Ball
1-0: Ball
2-0: Ground out 1-3 (Groundball, 23)
Batting: RHB Aurelio Annunziato 0-0: Foul Ball, location: 2F
0-1: Ball
1-1: Fly out, F6 (Line Drive, 6)
Bottom of the 3rd over - 1 run(s), 1 hit(s), 0 error(s), 0 left on base; Alloway 2 - Alaskan 1
TOP OF THE 4TH
Alloway Halberds batting - Pitching for Alaskan Humpbacks : RHP Matt Harris
Batting: LHB Matt Lee 0-0: Ball
1-0: Ball
2-0: Foul Ball, location: 2F
2-1: Foul Ball, location: 2F
2-2: Strikes out looking
Batting: RHB Mark Davis 0-0: Called Strike
0-1: Ball
1-1: Swinging Strike
1-2: Strikes out swinging
Batting: RHB Juan Martínez 0-0: Ball
1-0: Foul Ball, location: 2F
1-1: Ground out 6-3 (Groundball, 6)
Top of the 4th over - 0 run(s), 0 hit(s), 0 error(s), 0 left on base; Alloway 2 - Alaskan 1
BOTTOM OF THE 4TH
Alaskan Humpbacks batting - Pitching for Alloway Halberds : RHP Cole Johnson
Batting: RHB Javier Díaz 0-0: Ball
1-0: Swinging Strike
1-1: Ball
2-1: SINGLE (Line Drive, 4D)
Batting: RHB Michael Collins 0-0: Ball
1-0: Called Strike
1-1: Called Strike
1-2: Foul Ball, location: 2F
1-2: Ball
2-2: Grounds into double play, 6-4-3 (Groundball, 6)
Batting: RHB Fernando Camacho 0-0: Ground out 5-3 (Groundball, 6S)
Bottom of the 4th over - 0 run(s), 1 hit(s), 0 error(s), 0 left on base; Alloway 2 - Alaskan 1
TOP OF THE 5TH
Alloway Halberds batting - Pitching for Alaskan Humpbacks : RHP Matt Harris
Batting: RHB Pedro Orozco 0-0: Ball
1-0: Called Strike
1-1: Ground out 6-3 (Groundball, 6M)
Batting: RHB Brian Williams 0-0: Called Strike
0-1: Ball
1-1: Foul Ball, location: 2F
1-2: Hit by Pitch
Batting: RHB Anthony Johnston 0-0: Grounds into double play, 6-4-3 (Groundball, 6)
Top of the 5th over - 0 run(s), 0 hit(s), 0 error(s), 0 left on base; Alloway 2 - Alaskan 1
BOTTOM OF THE 5TH
Alaskan Humpbacks batting - Pitching for Alloway Halberds : RHP Cole Johnson
Batting: RHB Austin Williams 0-0: Ball
1-0: Called Strike
1-1: Ball
2-1: Ball
3-1: Base on Balls
Batting: LHB Raúl Valentín 0-0: Ball
1-0: Called Strike
1-1: SINGLE (Flyball, 7S)
Austin Williams to second
Batting: SHB Josef Koper 0-0: Swinging Strike
0-1: Called Strike
0-2: Strikes out swinging
Batting: RHB Tim Norris 0-0: Called Strike
0-1: Swinging Strike
0-2: Ball
1-2: Foul Ball, location: 2F
1-2: Ball
2-2: Foul Ball, location: 2F
2-2: Foul Ball, location: 2F
2-2: Grounds into double play, 6-4-3 (Groundball, 6)
Bottom of the 5th over - 0 run(s), 1 hit(s), 0 error(s), 1 left on base; Alloway 2 - Alaskan 1
TOP OF THE 6TH
Alloway Halberds batting - Pitching for Alaskan Humpbacks : RHP Matt Harris
Batting: LHB Jack Robbins 0-0: Fly out, F5 (Popup, 5F)
Batting: RHB Bill Stewart 0-0: Foul Ball, location: 2F
0-1: Ball
1-1: Swinging Strike
1-2: Ground out 3-1 (Groundball, 3L)
Batting: RHB Jonathan Cundall 0-0: Called Strike
0-1: Ball
1-1: Foul Ball, location: 2F
1-2: Ball
2-2: SINGLE (Line Drive, 9LS)
Batting: LHB Matt Lee 0-0: Ball
1-0: Called Strike
1-1: Fly out, F5 (Popup, 5F)
Top of the 6th over - 0 run(s), 1 hit(s), 0 error(s), 1 left on base; Alloway 2 - Alaskan 1
BOTTOM OF THE 6TH
Alaskan Humpbacks batting - Pitching for Alloway Halberds : RHP Cole Johnson
Batting: RHB Steve Camp 0-0: Ground out 5-3 (Groundball, 56)
Batting: RHB Aurelio Annunziato 0-0: Called Strike
0-1: Ball
1-1: TRIPLE (Line Drive, 9LS)
Batting: RHB Javier Díaz 0-0: Called Strike
0-1: Swinging Strike
0-2: Ball
1-2: Fly out, F6 (Popup, 5)
Batting: RHB Michael Collins 0-0: Ball
1-0: Ball
2-0: Swinging Strike
2-1: Ground out 4-3 (Groundball, 4M)
Bottom of the 6th over - 0 run(s), 1 hit(s), 0 error(s), 1 left on base; Alloway 2 - Alaskan 1
TOP OF THE 7TH
Alloway Halberds batting - Pitching for Alaskan Humpbacks : RHP Matt Harris
Batting: RHB Mark Davis 0-0: SINGLE (Flyball, 6MD)
Batting: RHB Juan Martínez 0-0: Called Strike
0-1: Swinging Strike
0-2: Foul Ball, location: 2F
0-2: Foul Ball, location: 2F
0-2: Ball
1-2: Ball
2-2: Foul Ball, location: 2F
2-2: Ball
3-2: SINGLE (Line Drive, 8LS)
Mark Davis to second
Pinch Hitting: LHB Mathew Rose 0-0: Ball
1-0: Ball
2-0: Foul Ball, location: 2F
2-1: Foul Ball, location: 2F
2-2: Strikes out swinging
Batting: RHB Brian Williams 0-0: Foul Ball, location: 2F
0-1: Ball
1-1: Swinging Strike
1-2: Reached on error, E6 (Groundball, 6M)
Mark Davis to third
Juan Martínez to second
Batting: RHB Anthony Johnston 0-0: Ball
1-0: Ball
2-0: Called Strike
2-1: Called Strike
2-2: Ball
Wild Pitch!
Mark Davis scores
Juan Martínez to third
Brian Williams to second
3-2: Foul Ball, location: 2F
3-2: SINGLE (Flyball, 9LS)
Juan Martínez scores
Brian Williams to third
Runner from 3rd tries for Home, SAFE, throw made home
Batting: LHB Jack Robbins 0-0: Ball
1-0: Ball
2-0: Ball
3-0: Called Strike
3-1: Grounds into double play, 4-6-3 (Groundball, 4)
Top of the 7th over - 3 run(s), 3 hit(s), 1 error(s), 0 left on base; Alloway 5 - Alaskan 1
BOTTOM OF THE 7TH
Alaskan Humpbacks batting - Pitching for Alloway Halberds : RHP Cole Johnson
Now in CF: Tony Quintana
Batting: RHB Fernando Camacho 0-0: Fly out, F5 (Popup, 5SF)
Batting: RHB Austin Williams 0-0: Called Strike
0-1: Ball
1-1: Ball
2-1: SINGLE (Line Drive, 4D)
Batting: LHB Raúl Valentín 0-0: Ball
1-0: Foul Ball, location: 2F
1-1: Ball
Austin Williams is caught stealing 2nd base
2-1: Foul Ball, location: 2F
2-2: Ball
3-2: Ground out 6-3 (Groundball, 6)
Bottom of the 7th over - 0 run(s), 1 hit(s), 0 error(s), 0 left on base; Alloway 5 - Alaskan 1
TOP OF THE 8TH
Alloway Halberds batting - Pitching for Alaskan Humpbacks : RHP Matt Harris
Batting: RHB Bill Stewart 0-0: Ball
1-0: Ball
2-0: Called Strike
2-1: Ball
3-1: Called Strike
3-2: Base on Balls
Batting: RHB Jonathan Cundall 0-0: Called Strike
0-1: Swinging Strike
0-2: Ball
1-2: Foul Ball, location: 2F
1-2: Ball
2-2: DOUBLE (Groundball, 5L)
Bill Stewart to third
Runner from 3rd tries for Home, SAFE, throw made home
Pitching: RHP Jorge Fernández
Batting: LHB Matt Lee 0-0: Called Strike
0-1: SINGLE (Groundball, 34S)
Jonathan Cundall to third
Batting: RHB Mark Davis 0-0: Swinging Strike
0-1: Ball
1-1: Ball
2-1: Ball
3-1: Foul Ball, location: 2F
3-2: Foul Ball, location: 2F
3-2: Strikes out swinging
Batting: RHB Juan Martínez 0-0: Grounds into double play, 1-6-3 (Groundball, 15)
Top of the 8th over - 1 run(s), 2 hit(s), 0 error(s), 1 left on base; Alloway 6 - Alaskan 1
BOTTOM OF THE 8TH
Alaskan Humpbacks batting - Pitching for Alloway Halberds : RHP Cole Johnson
Pitching: RHP Jim Unknown
Now at 2B: Neil Ladner
Batting: SHB Josef Koper 0-0: Ball
1-0: Ball
2-0: Swinging Strike
2-1: Foul Ball, location: 2F
2-2: Foul Ball, location: 2F
2-2: Foul Ball, location: 2F
2-2: Strikes out looking
Batting: RHB Tim Norris 0-0: Ball
1-0: SINGLE (Flyball, 8RS)
Batting: RHB Steve Camp 0-0: Called Strike
0-1: Ball
1-1: Ground out 5-3 (Groundball, 5S)
Tim Norris to second
Batting: RHB Aurelio Annunziato 0-0: Ball
1-0: Called Strike
1-1: SINGLE (Groundball, 6MD)
Tim Norris to third
Runner from 3rd tries for Home, SAFE, no throw or cutoff
Batting: RHB Javier Díaz 0-0: Ball
1-0: Ball
2-0: Called Strike
2-1: Fly out, F6 (Line Drive, 6)
Bottom of the 8th over - 1 run(s), 2 hit(s), 0 error(s), 1 left on base; Alloway 6 - Alaskan 2
TOP OF THE 9TH
Alloway Halberds batting - Pitching for Alaskan Humpbacks : RHP Jorge Fernández
Pitching: RHP Jim Unknown
Batting: RHB Tony Quintana 0-0: Ball
1-0: Foul Ball, location: 2F
1-1: Swinging Strike
1-2: Strikes out swinging
Pitching: LHP Dale Stevens
Batting: RHB Brian Williams 0-0: SINGLE (Line Drive, 6MD)
Batting: RHB Anthony Johnston 0-0: Foul Ball, location: 2F
0-1: Ball
1-1: Called Strike
1-2: Ball
2-2: Foul Ball, location: 2F
2-2: Foul Ball, location: 2F
2-2: Strikes out swinging
Batting: LHB Jack Robbins 0-0: Called Strike
0-1: Called Strike
0-2: Ball
1-2: Ball
2-2: Strikes out swinging
Top of the 9th over - 0 run(s), 1 hit(s), 0 error(s), 1 left on base; Alloway 6 - Alaskan 2
BOTTOM OF THE 9TH
Alaskan Humpbacks batting - Pitching for Alloway Halberds : RHP Jim Unknown
Batting: RHB Michael Collins 0-0: Swinging Strike
0-1: Foul Ball, location: 2F
0-2: Ball
1-2: Ground out 4-3 (Groundball, 4M)
Batting: RHB Fernando Camacho 0-0: Ball
1-0: Swinging Strike
1-1: Fly out, F5 (Line Drive, 5)
Batting: RHB Austin Williams 0-0: Called Strike
0-1: Called Strike
0-2: Ball
1-2: Ball
2-2: Strikes out swinging
Bottom of the 9th over - 0 run(s), 0 hit(s), 0 error(s), 0 left on base; Alloway 6 - Alaskan 2
This league is powered by Out of the Park Baseball, the baseball management simulation game for PC, Mac and Linux
Monday, May 4th, 2015 - OOTP Baseball 15.6 Build 34